SL
TOLEDO TITANS @ PHOENIX HOTSPUR
08/11/2023
 
TOP OF THE 1ST
Toledo Titans batting - Pitching for Phoenix Hotspur : RHP Pedro Valdéz
Pitching: RHP Pedro Valdéz
Batting: LHB Rick Harrison 0-0: Foul Ball, location: 2F
0-1: Foul Ball, location: 2F
0-2: Strikes out looking
Batting: LHB Chris West 0-0: Ball
1-0: Called Strike
1-1: DOUBLE (Line Drive, 9LM)
Batting: LHB Tony Dyer 0-0: Ball
1-0: Ball
2-0: Ground out 4-3 (Groundball, 4M)
Chris West to third
Batting: LHB Yannick Hendriksen 0-0: Ball
1-0: Swinging Strike
1-1: Called Strike
1-2: Foul Ball, location: 2F
1-2: Foul Ball, location: 2F
1-2: Strikes out swinging
Top of the 1st over - 0 run(s), 1 hit(s), 0 error(s), 1 left on base; Toledo 0 - Phoenix 0
BOTTOM OF THE 1ST
Phoenix Hotspur batting - Pitching for Toledo Titans : RHP Francis McBride
Pitching: RHP Francis McBride
Batting: LHB Arthur Ryan 0-0: Ball
1-0: Ball
2-0: Ball
3-0: Base on Balls
Batting: LHB Dave Knight 0-0: Foul Ball, location: 2F
0-1: Ball
1-1: Fly out, F3 (Popup, 3F)
Batting: RHB Randy Rehling 0-0: Ball
1-0: Ball
2-0: SINGLE (Groundball, 56D)
Arthur Ryan to second
Batting: LHB Rubén López 0-0: Called Strike
0-1: Swinging Strike
0-2: Strikes out swinging
Batting: LHB Albert González 0-0: Fly out, F3 (Popup, 34)
Bottom of the 1st over - 0 run(s), 1 hit(s), 0 error(s), 2 left on base; Toledo 0 - Phoenix 0
TOP OF THE 2ND
Toledo Titans batting - Pitching for Phoenix Hotspur : RHP Pedro Valdéz
Batting: RHB Steve Dunn 0-0: Ball
1-0: Called Strike
1-1: Called Strike
1-2: Foul Ball, location: 2F
1-2: Ball
2-2: Strikes out looking
Batting: LHB Jorge Flores 0-0: Called Strike
0-1: Ball
1-1: Foul Ball, location: 2F
1-2: Ball
2-2: Ball
3-2: Fly out, F9 (Line Drive, 9M)
Batting: RHB Pil-joong Pak 0-0: Foul Ball, location: 2F
0-1: Swinging Strike
0-2: Ball
1-2: Ball
2-2: Strikes out swinging
Top of the 2nd over - 0 run(s), 0 hit(s), 0 error(s), 0 left on base; Toledo 0 - Phoenix 0
BOTTOM OF THE 2ND
Phoenix Hotspur batting - Pitching for Toledo Titans : RHP Francis McBride
Batting: RHB John Moore 0-0: Fly out, F7 (Flyball, 78XD)
Batting: RHB Raúl González 0-0: Ball
1-0: Ball
2-0: SINGLE (Groundball, 56D)
Batting: RHB Gabriel Pérez 0-0: Foul Ball, location: 2F
0-1: Ball
1-1: Ball
2-1: Ball
3-1: Foul Ball, location: 2F
3-2: Base on Balls
Raúl González to second
Batting: RHB Martín Martínez 0-0: Called Strike
0-1: Fielders Choice at 3rd, U5 (Groundball, 5L)
Gabriel Pérez to second
Batting: LHB Arthur Ryan 0-0: Called Strike
0-1: Fly out, F7 (Popup, 6D)
Bottom of the 2nd over - 0 run(s), 1 hit(s), 0 error(s), 2 left on base; Toledo 0 - Phoenix 0
TOP OF THE 3RD
Toledo Titans batting - Pitching for Phoenix Hotspur : RHP Pedro Valdéz
Batting: RHB Paul Houston 0-0: Ground out 6-3 (Groundball, 6)
Batting: RHB Mike Burns 0-0: Ball
1-0: Called Strike
1-1: Ball
2-1: Ball
3-1: Called Strike
3-2: Base on Balls
Batting: LHB Rick Harrison 0-0: Ball
1-0: Foul Ball, location: 2F
1-1: SINGLE (Groundball, 6MD)
Mike Burns to second
Batting: LHB Chris West 0-0: Ball
1-0: Foul Ball, location: 2F
1-1: Ball
2-1: Swinging Strike
2-2: Foul Ball, location: 2F
2-2: Reached on error, E3 (Groundball, 3)
Mike Burns to third
Rick Harrison to second
Batting: LHB Tony Dyer 0-0: Called Strike
0-1: Ball
1-1: Ball
2-1: Ball
3-1: Called Strike
3-2: Grounds into double play, 6-4-3 (Groundball, 6)
Top of the 3rd over - 0 run(s), 1 hit(s), 1 error(s), 2 left on base; Toledo 0 - Phoenix 0
BOTTOM OF THE 3RD
Phoenix Hotspur batting - Pitching for Toledo Titans : RHP Francis McBride
Batting: LHB Dave Knight 0-0: Called Strike
0-1: Ground out 3-1 (Groundball, 34)
Batting: RHB Randy Rehling 0-0: Ball
1-0: Ball
2-0: DOUBLE (Flyball, 89XD)
Batting: LHB Rubén López 0-0: Called Strike
0-1: Ball
1-1: Swinging Strike
1-2: Ball
2-2: Ground out 3-1 (Groundball, 34)
Randy Rehling to third
Batting: LHB Albert González 0-0: Ball
1-0: SINGLE (Line Drive, 5D)
Randy Rehling scores
Batting: RHB John Moore 0-0: Ball
1-0: 2-RUN HOME RUN (Flyball, 8LXD), Distance : 446 ft
Batting: RHB Raúl González 0-0: Ball
1-0: Ground out 5-3 (Groundball, 5S)
Bottom of the 3rd over - 3 run(s), 3 hit(s), 0 error(s), 0 left on base; Toledo 0 - Phoenix 3
TOP OF THE 4TH
Toledo Titans batting - Pitching for Phoenix Hotspur : RHP Pedro Valdéz
Batting: LHB Yannick Hendriksen 0-0: Ball
1-0: Called Strike
1-1: Foul Ball, location: 2F
1-2: Ground out 4-3 (Groundball, 4M)
Batting: RHB Steve Dunn 0-0: Foul Ball, location: 2F
0-1: Reached on error, E6 (Groundball, 6M)
Batting: LHB Jorge Flores 0-0: Foul Ball, location: 2F
0-1: Foul Ball, location: 2F
0-2: Foul Ball, location: 2F
0-2: Strikes out swinging
Batting: RHB Pil-joong Pak 0-0: Called Strike
0-1: Ball
1-1: Foul Ball, location: 2F
1-2: Strikes out looking
Top of the 4th over - 0 run(s), 0 hit(s), 1 error(s), 1 left on base; Toledo 0 - Phoenix 3
BOTTOM OF THE 4TH
Phoenix Hotspur batting - Pitching for Toledo Titans : RHP Francis McBride
Batting: RHB Gabriel Pérez 0-0: Ball
1-0: Ball
2-0: Called Strike
2-1: Ball
3-1: SINGLE (Flyball, 9S)
Batting: RHB Martín Martínez 0-0: Ball
1-0: Grounds into double play, 5-4-3 (Groundball, 56)
Batting: LHB Arthur Ryan 0-0: Ball
1-0: Called Strike
1-1: Ball
2-1: Ball
3-1: Swinging Strike
3-2: Base on Balls
Batting: LHB Dave Knight 0-0: Ball
1-0: Ball
2-0: SINGLE (Line Drive, 4MD)
Arthur Ryan to second
Batting: RHB Randy Rehling 0-0: Called Strike
0-1: Ground out 5-3 (Groundball, 5)
Bottom of the 4th over - 0 run(s), 2 hit(s), 0 error(s), 2 left on base; Toledo 0 - Phoenix 3
TOP OF THE 5TH
Toledo Titans batting - Pitching for Phoenix Hotspur : RHP Pedro Valdéz
Batting: RHB Paul Houston 0-0: Called Strike
0-1: Ball
1-1: Fly out, F8 (Flyball, 8LM)
Batting: RHB Mike Burns 0-0: Ball
1-0: Foul Ball, location: 2F
1-1: Ball
2-1: Foul Ball, location: 2F
2-2: Foul Ball, location: 2F
2-2: Strikes out looking
Batting: LHB Rick Harrison 0-0: Ball
1-0: Ball
2-0: Foul Ball, location: 2F
2-1: Fly out, F8 (Line Drive, 89D)
Top of the 5th over - 0 run(s), 0 hit(s), 0 error(s), 0 left on base; Toledo 0 - Phoenix 3
BOTTOM OF THE 5TH
Phoenix Hotspur batting - Pitching for Toledo Titans : RHP Francis McBride
Batting: LHB Rubén López 0-0: Called Strike
0-1: Ball
1-1: Ball
2-1: Ball
3-1: Base on Balls
Batting: LHB Albert González 0-0: Ball
1-0: Foul Ball, location: 2F
1-1: Foul Ball, location: 2F
1-2: Ball
2-2: Foul Ball, location: 2F
2-2: Strikes out swinging
Batting: RHB John Moore 0-0: Foul Ball, location: 2F
0-1: Swinging Strike
0-2: Foul Ball, location: 2F
0-2: Strikes out looking
Batting: RHB Raúl González 0-0: Called Strike
0-1: Ball
1-1: Ball
2-1: Fielders Choice at 2nd, 6-4 (Groundball, 6)
Bottom of the 5th over - 0 run(s), 0 hit(s), 0 error(s), 0 left on base; Toledo 0 - Phoenix 3
TOP OF THE 6TH
Toledo Titans batting - Pitching for Phoenix Hotspur : RHP Pedro Valdéz
Pitching: RHP Craig Gasnier
Batting: LHB Chris West 0-0: Ball
1-0: Called Strike
1-1: Ball
2-1: Ball
3-1: Base on Balls
Batting: LHB Tony Dyer 0-0: Ball
1-0: Swinging Strike
1-1: Fielders Choice at 2nd, 1-4 (Groundball, 13S)
Batting: LHB Yannick Hendriksen 0-0: Ball
1-0: Ball
2-0: Swinging Strike
2-1: Ball
3-1: Base on Balls
Tony Dyer to second
Batting: RHB Steve Dunn 0-0: Called Strike
0-1: Swinging Strike
0-2: Ball
1-2: Foul Ball, location: 2F
1-2: Strikes out swinging
Batting: LHB Jorge Flores 0-0: Called Strike
0-1: Ball
1-1: Swinging Strike
1-2: Ball
2-2: Ball
3-2: Foul Ball, location: 2F
3-2: Base on Balls
Tony Dyer to third
Yannick Hendriksen to second
Pitching: RHP Pat McCormick
Batting: RHB Pil-joong Pak 0-0: Swinging Strike
0-1: Foul Ball, location: 2F
0-2: Ball
1-2: Foul Ball, location: 2F
1-2: Ball
2-2: Foul Ball, location: 2F
2-2: Fielders Choice at 2nd, 5-4 (Groundball, 5)
Top of the 6th over - 0 run(s), 0 hit(s), 0 error(s), 2 left on base; Toledo 0 - Phoenix 3
BOTTOM OF THE 6TH
Phoenix Hotspur batting - Pitching for Toledo Titans : RHP Francis McBride
Batting: RHB Gabriel Pérez 0-0: Ball
1-0: Ball
2-0: Ground out 6-3 (Groundball, 6)
Batting: RHB Martín Martínez 0-0: Ball
1-0: Foul Ball, location: 2F
1-1: Called Strike
1-2: Ball
2-2: Ball
3-2: Foul Ball, location: 2F
3-2: Foul Ball, location: 2F
3-2: Base on Balls
Batting: LHB Arthur Ryan 0-0: Foul Ball, location: 2F
0-1: Fielders Choice at 2nd, 4-6 (Groundball, 34)
Batting: LHB Dave Knight 0-0: Called Strike
0-1: Ball
Arthur Ryan steals 2nd base
1-1: SINGLE (Groundball, 34)
Arthur Ryan to third
Runner from 3rd tries for Home, SAFE, no throw or cutoff
Pitching: RHP Ramiro Germán
Batting: RHB Randy Rehling 0-0: Ball
1-0: Ball
2-0: Called Strike
2-1: SINGLE (Groundball, 56D)
Dave Knight to second
Batting: LHB Rubén López 0-0: SINGLE (Line Drive, 56D)
Dave Knight to third
Randy Rehling to second
Runner from 3rd tries for Home, SAFE, no throw or cutoff
Batting: LHB Albert González 0-0: Called Strike
0-1: Called Strike
0-2: Fly out, F7 (Flyball, 78S)
Bottom of the 6th over - 2 run(s), 3 hit(s), 0 error(s), 2 left on base; Toledo 0 - Phoenix 5
TOP OF THE 7TH
Toledo Titans batting - Pitching for Phoenix Hotspur : RHP Pat McCormick
Batting: RHB Paul Houston 0-0: SINGLE (Line Drive, 89S)
Batting: RHB Mike Burns 0-0: Called Strike
0-1: Fly out, F3 (Popup, 3DF)
Batting: LHB Rick Harrison 0-0: Called Strike
0-1: Foul Ball, location: 2F
0-2: Strikes out looking
Batting: LHB Chris West 0-0: Called Strike
0-1: Fly out, F7 (Flyball, 7LM)
Top of the 7th over - 0 run(s), 1 hit(s), 0 error(s), 1 left on base; Toledo 0 - Phoenix 5
BOTTOM OF THE 7TH
Phoenix Hotspur batting - Pitching for Toledo Titans : RHP Ramiro Germán
Batting: RHB John Moore 0-0: Ball
1-0: Foul Ball, location: 2F
1-1: DOUBLE (Line Drive, 8LD)
Batting: RHB Raúl González 0-0: Ball
1-0: Ball
Wild Pitch!
John Moore to third
2-0: Called Strike
2-1: Swinging Strike
2-2: Ground out 5-3 (Groundball, 56)
John Moore scores
Batting: RHB Gabriel Pérez 0-0: Reached on error, E5 (Groundball, 56)
Batting: RHB Martín Martínez 0-0: Called Strike
0-1: Fly out, F8 (Flyball, 8LXD)
Batting: LHB Arthur Ryan 0-0: Called Strike
0-1: Foul Ball, location: 2F
0-2: Strikes out swinging
Bottom of the 7th over - 1 run(s), 1 hit(s), 1 error(s), 1 left on base; Toledo 0 - Phoenix 6
TOP OF THE 8TH
Toledo Titans batting - Pitching for Phoenix Hotspur : RHP Pat McCormick
Batting: LHB Tony Dyer 0-0: Ball
1-0: Ball
2-0: SINGLE (Line Drive, 4MD)
Batting: LHB Yannick Hendriksen 0-0: Ball
1-0: Foul Ball, location: 2F
1-1: Ball
2-1: Foul Ball, location: 2F
2-2: Ball
3-2: Base on Balls
Tony Dyer to second
Pitching: RHP Miguel Angel Lińares
Batting: RHB Steve Dunn 0-0: Ball
1-0: Called Strike
1-1: DOUBLE (Line Drive, 7D)
Tony Dyer scores
Yannick Hendriksen to third
Batting: LHB Jorge Flores 0-0: Ball
1-0: Foul Ball, location: 2F
1-1: Swinging Strike
1-2: Ground out 4-3 (Groundball, 4M)
Yannick Hendriksen scores
Steve Dunn to third
Batting: RHB Pil-joong Pak 0-0: Ball
1-0: Ball
2-0: Ball
3-0: Called Strike
3-1: Base on Balls
Pitching: RHP Rewa Malaki
Batting: RHB Paul Houston 0-0: Ball
1-0: Ball
2-0: Ball
3-0: Base on Balls
Pil-joong Pak to second
Batting: RHB Mike Burns 0-0: Foul Ball, location: 2F
0-1: Foul Ball, location: 2F
0-2: Ball
1-2: Strikes out swinging
Pitching: LHP Bryan Jones
Batting: LHB Rick Harrison 0-0: Ball
1-0: Foul Ball, location: 2F
1-1: SINGLE (Groundball, 34D)
Steve Dunn scores
Pil-joong Pak to third
Paul Houston to second
Runner from 3rd tries for Home, SAFE, no throw or cutoff
Pinch Hitting: RHB Juan Ramos 0-0: Foul Ball, location: 2F
0-1: Ball
1-1: Ball
2-1: Foul Ball, location: 2F
2-2: Ball
3-2: SINGLE (Line Drive, 7S)
Paul Houston to third
Rick Harrison to second
Paul Houston scores
Rick Harrison to third
Batting: LHB Tony Dyer 0-0: Called Strike
0-1: Fly out, F8 (Line Drive, 8RD)
Top of the 8th over - 5 run(s), 4 hit(s), 0 error(s), 2 left on base; Toledo 5 - Phoenix 6
BOTTOM OF THE 8TH
Phoenix Hotspur batting - Pitching for Toledo Titans : RHP Ramiro Germán
Now in CF: Pedro Pérez
Batting: LHB Dave Knight 0-0: Called Strike
0-1: Called Strike
0-2: Ball
1-2: Strikes out swinging
Batting: RHB Randy Rehling 0-0: Foul Ball, location: 2F
0-1: Ground out 1-3 (Groundball, 15)
Batting: LHB Rubén López 0-0: Called Strike
0-1: Ball
1-1: Called Strike
1-2: Ball
2-2: Fly out, F8 (Flyball, 8RXD)
Bottom of the 8th over - 0 run(s), 0 hit(s), 0 error(s), 0 left on base; Toledo 5 - Phoenix 6
TOP OF THE 9TH
Toledo Titans batting - Pitching for Phoenix Hotspur : LHP Bryan Jones
Pitching: RHP Jesús Olvero
Batting: LHB Yannick Hendriksen 0-0: Ball
1-0: Foul Ball, location: 2F
1-1: Foul Ball, location: 2F
1-2: Strikes out looking
Batting: RHB Steve Dunn 0-0: Foul Ball, location: 2F
0-1: Swinging Strike
0-2: Strikes out looking
Batting: LHB Jorge Flores 0-0: Ball
1-0: Called Strike
1-1: Ball
2-1: Foul Ball, location: 2F
2-2: Ball
3-2: Base on Balls
Batting: RHB Pil-joong Pak 0-0: Called Strike
0-1: Swinging Strike
0-2: Strikes out looking
Top of the 9th over - 0 run(s), 0 hit(s), 0 error(s), 1 left on base; Toledo 5 - Phoenix 6
This league is powered by Out of the Park Baseball, the baseball management simulation game for PC, Mac and Linux
Friday, July 8th, 2016 - OOTP Baseball 16.9 Build 39